AoeStats
← RoroAPC

Arabia

508136014Analyzed
1v1 RM · 11d ago on Sep 21, 2026· 25m 0s· 2 players
Game mode
Random Map
Map size
Tiny (2 player)
Population
200
Speed
Normal
Resources
Standard
Victory
Conquest
Starting age
Dark Age
Ending age
Imperial Age
RankedLock teamsTeams togetherTeam positionsShared explorationLock speedFull tech treeHidden civsTurbo modeCheats
Victory
Defeat
🇨🇱 Portuguese · Chile
1172
+18
🇲🇽 Goths · Mexico
1218
-18
RoroAPC
7:44 Loom
10:41 Feudal Age
10:46 Man-at-Arms
19:38 Wheelbarrow
22:40 Castle Age
21:16 Gold Mining
21:14 Horse Collar
21:59 Bloodlines
22:11 Fletching
22:47 Scale Barding Armor
23:11 Crossbowman
LaloElMalo
1:00 Loom
12:51 Feudal Age
17:32 Castle Age
17:28 Double-Bit Axe
22:14 Fletching
Connection lost

Rejoining the realm…

Still unreachable

The connection could not be restored.

Session expired

The server has moved on; the page needs a fresh start.